 Dungeon Crawl Stone Soup version 0.28-a0-94-g325244837d (webtiles) character file.

Game seed: 16130448686134654643

12 Leeroy the Insei (level 2, -2/19 (22) HPs)
             Began as a Merfolk Transmuter on Aug 7, 2021.
             Slain by a gnoll (6 damage)
             ... on level 1 of the Dungeon.
             The game lasted 00:01:20 (481 turns).

Leeroy the Insei (Merfolk Transmuter)                Turns: 481, Time: 00:01:21

HP:   -2/19 (22)    AC:  2    Str: 10    XL:     2   Next: 33%
MP:   5/5           EV: 12    Int: 12    God:
Gold: 0             SH:  0    Dex: 14    Spells: 4/5 levels left

rFire   . . .      SeeInvis .   b - +0 glaive
rCold   . . .      Faith    .   (shield currently unavailable)
rNeg    . . .      Spirit   .   a - +0 robe
rPois   .          Reflect  .   (no helmet)
rElec   .          Harm     .   (no cloak)
rCorr   .          Rampage  .   (no gloves)
Will    .....                   (no boots)
Stlth   +.........              (no amulet)
HPRegen 0.06/turn               (no ring)
MPRegen 0.09/turn               (no ring)

@: heavily drained
A: (nimble swimmer 2), mertail
a: no special abilities


You were on level 1 of the Dungeon.
You visited 1 branch of the dungeon, and saw 1 of its levels.

Inventory:

Hand Weapons
 b - a +0 glaive (weapon)
Armour
 a - a +0 robe (worn)
Potions
 c - a potion of attraction {unknown}


   Skills:
 + Level 1.7 Fighting
 - Level 2.6 Dodging
 - Level 3.8 Unarmed Combat
 - Level 2.0 Spellcasting
 - Level 2.6 Transmutations


You had 4 spell levels left.
You knew the following spells:

 Your Spells              Type           Power      Damage    Failure   Level
a - Beastly Appendage     Tmut           14%        N/A       9%          1

Your spell library contained the following spells:

 Spells                   Type           Power      Damage    Failure   Level
 Wereblood                Tmut           7%         N/A       14%         2
 Spider Form              Tmut/Pois      2%         N/A       43%         3
 Ice Form                 Ice/Tmut       4%         N/A       83%         4


Dungeon Overview and Level Annotations

Branches:
Dungeon (1/15)

Altars:


Innate Abilities, Weirdness & Mutations

((You are quick and stealthy near water. (Stealth+, EV+, Speed+++)))
Your lower body shifts to a powerful aquatic tail in water.


Message History

No target in view!
No target in view!
No target in view!
No target in view!
No target in view!
An endoplasm comes into view.
An endoplasm is nearby!
An endoplasm is nearby!
You reach to attack!
You hit the endoplasm but do no damage. You hit the endoplasm.
You kill the endoplasm!
No target in view!
No target in view!
No target in view!
No target in view!
No target in view!
No target in view!
A gnoll comes into view. It is wielding a +2 whip of draining.
A gnoll is nearby!
A frilled lizard comes into view.
The frilled lizard hisses angrily.
You reach to attack!
You hit the gnoll.
The gnoll is moderately wounded.
The gnoll misses you.
You completely miss the gnoll.
The gnoll is moderately wounded.
The gnoll barely misses you.
The gnoll hits you with a +2 whip of draining!
You feel drained.
You hit the gnoll.
The gnoll is severely wounded.
The gnoll closely misses you.
The gnoll hits you with a +2 whip of draining!
* * * LOW HITPOINT WARNING * * *
You feel drained.
* * * LOW HITPOINT WARNING * * *
You barely miss the gnoll.
The gnoll is severely wounded.
The gnoll hits you with a +2 whip of draining.
You die...

## #.# .. #.# #... . #.#
#... ### #.#.# #. #...
.... .#.## ###.##..
..... .l. ......#
.....##g# ###.##.##
.......@####.......#####
...#.#.....#............
#.....#.....#.#####
#.....#.....#.#
+.....#.....#.#
#.....#)....#.#
#...........#.#
###.........#..
#.........##.


You could see a gnoll and a frilled lizard.

Vanquished Creatures
  2 ball pythons (D:1)
  An endoplasm (D:1)
  A giant cockroach (D:1)
  2 goblins (D:1)
  A bat (D:1)
  A frilled lizard (D:1)
  2 kobolds (D:1)
  2 rats (D:1)
12 creatures vanquished.

Notes
Turn   | Place    | Note
-------+----------+-------------------------------------------
     0 | D:1      | Leeroy the Merfolk Transmuter began the quest for the Orb.
     0 | D:1      | Reached XP level 1. HP: 15/15 MP: 3/3
   333 | D:1      | Reached XP level 2. HP: 18/21 MP: 3/5
   481 | D:1      | Slain by a gnoll

Illustrated notes

Levels and vault maps discovered:
D:1:      lemuel_arrival_lava_pool, layout_basic, serial_shops, shop_fountains,
          minmay_tromino_v4_c

Action                   || total
-------------------------++-------
Melee: Unarmed           ||    30
       Glaive            ||    19
 Cast: Beastly Appendage ||     2
Armor: Robe              ||    14
Dodge: Dodged            ||    37

Table legend: (Time is in decaauts)
 A = Elapsed time spent in this place.
 B = Non-inter-level travel time spent in this place.
 C = Inter-level travel time spent in this place.
 D = Time resting spent in this place.
 E = Time spent auto-exploring this place.
 F = Levels seen in this place.
 G = Mean time per level.
                   A        B        C        D        E       F      G
               +--------+--------+--------+--------+--------+-----+--------+
         Total |    491 |    491 |      0 |      0 |    393 |   1 |  491.0 |
       Dungeon |    491 |    491 |      0 |      0 |    393 |   1 |  491.0 |
               +--------+--------+--------+--------+--------+-----+--------+

Top non-repeatable levels by time:
     D:1: 491 daAuts
